Map: Efflorescence LE

Players

Massa

  • Race: Terran Terran
  • League: Platinum
  • Spawn Location: 9:00

qqq

  • Race: Zerg Zerg
  • League: Platinum
  • Spawn Location: 6:00

ClaytonBixbi - Winner!

  • Race: Protoss Protoss
  • League: Master
  • Spawn Location: 3:00

IamHoward - Winner!

  • Race: Terran Terran
  • League: Diamond
  • Spawn Location: 12:00

VOD

Have the link to the VOD?

Description

Time

  • Played on: Jan. 25, 2021, 3:17 p.m.
  • Length: 13:33
Show
View Real Time Build Order
Export as new Build Order

Massa Terran 

Build Orders:  

Get SALT Encoding   

  12  0:00  SCV  
  13  0:12  SCV  
  14  0:18  Supply Depot  
  14  0:25  SCV  
  15  0:39  SCV  
  15  0:40  Barracks  
  16  0:51  SCV  
  16  0:52  Refinery  
  17  1:03  SCV, Supply Depot  
  18  1:16  SCV  
  19  1:18  Barracks  
  19  1:28  SCV  
  20  1:33  Barracks  
  20  1:38  Marine  
  21  1:43  SCV  
  22  1:59  Orbital Command  
  22  2:02  Barracks Tech Lab  
  22  2:05  Marine  
  23  2:10  Supply Depot  
  23  2:21  Marine, Supply Depot  
  24  2:23  Marine  
  24  2:25  Marine  
  26  2:39  Marine  
  26  2:43  Marauder  
  29  2:45  Marine  
  29  2:49  Stimpack  
  30  3:01  Marine  
  30  3:04  Marauder  
  33  3:10  Supply Depot  
  33  3:16  Marine  
  33  3:18  Marine  
  35  3:24  Supply Depot  
  35  3:26  Marauder  
  37  3:34  Marine  
  38  3:36  Marine  
  39  3:47  Marauder  
  41  3:51  Marine  
  41  3:54  Marine  
  43  4:05  Supply Depot  
  43  4:09  Marauder, Marine  
  46  4:12  Marine  
  47  4:27  Marine  
  47  4:30  Marauder, Marine  
  42  4:57  Marauder, Marine  
  34  5:16  Marine, Engineering Bay  
  34  5:17  Command Center  
  34  5:18  Marauder, Factory  
  34  5:20  Marine  
  38  5:31  SCV  
  39  5:39  Marine x2  
  39  5:40  Marauder  
  43  5:46  Missile Turret  
  43  5:48  Combat Shield  
  43  5:57  Marine x2  
  43  6:01  SCV, Marauder  
  48  6:05  Starport  
  48  6:06  Factory Tech Lab  
  48  6:13  Refinery, SCV  
  48  6:15  Terran Infantry Weapons Level 1, Supply Depot  
  49  6:21  Marine x2  
  49  6:22  Marine  
  50  6:38  Orbital Command  
  50  6:42  Missile Turret  
  50  6:45  Refinery  
  49  6:47  SCV  
  49  6:48  Refinery  
  49  6:51  Starport Reactor  
  49  6:53  Barracks Tech Lab  
  49  6:59  SCV  
  50  7:05  SCV  
  51  7:11  SCV  
  52  7:16  Siege Tank  
  52  7:18  SCV  
  52  7:19  Concussive Shells  
  56  7:23  SCV  
  57  7:30  SCV  
  57  7:35  SCV  
  57  7:36  Missile Turret  
  59  7:42  SCV  
  60  7:47  SCV  
  61  7:51  Siege Tank  
  61  7:54  SCV  
  65  7:59  SCV, Marine x2  
  65  8:00  Marauder  
  65  8:02  Medivac  
  65  8:04  Medivac  
  74  8:07  SCV  
  75  8:17  Marauder, Marine  
  78  8:21  Marine  
  79  8:32  Liberator  
  82  8:34  Liberator  
  67  8:51  Marauder x2  
  67  8:53  Siege Tank  
  66  9:03  Mag-Field Accelerator  
  66  9:05  Barracks Reactor  
  65  9:10  Barracks x2  
  65  9:13  Marauder x2  
  65  9:15  Medivac  
  71  9:33  Marine  
  71  9:34  Marine  
  73  9:51  Marine x2  
  71  10:13  Marine x2  
  67  10:28  Marine  
  68  10:31  Marine x2  
  68  10:34  Terran Infantry Armor Level 1  
  67  11:08  Starport Reactor  
  67  11:09  Marine x3  
  70  11:15  Supply Depot  
  70  11:16  Supply Depot x3  
  70  11:21  Supply Depot  
  70  11:23  Armory  
  70  11:36  Marine x6  
  73  11:41  Supply Depot  
  73  11:45  Supply Depot  
  63  11:54  Marine x6  
  62  12:13  Marauder  
  62  12:14  Marauder, Marine x2  
  62  12:15  Barracks Tech Lab  
  53  12:24  Liberator  
  53  12:27  Marine  
  57  12:35  Marauder x2  
  61  12:52  Marine  
  61  12:53  Marine x3  
  61  12:55  Siege Tank  
  61  12:56  Marauder  
  61  12:57  Marauder  
  72  13:10  Marine  
  72  13:11  Marauder  
Show
View Real Time Build Order
Export as new Build Order

qqq Zerg 

Build Orders: Hatch First 

Get SALT Encoding   

  12  0:00  Drone  
  13  0:11  Drone  
  14  0:19  Overlord  
  14  0:46  Hatchery  
  14  0:49  Drone  
  14  0:52  Drone  
  15  1:02  Drone x2  
  17  1:31  Extractor, Spawning Pool  
  15  1:35  Drone  
  15  1:37  Drone  
  17  2:02  Drone x3  
  17  2:04  Drone  
  21  2:24  Zergling x2, Overlord  
  21  2:25  Queen  
  24  2:30  Queen  
  24  2:34  Drone  
  27  2:39  Drone  
  27  2:43  Drone  
  29  2:45  Overlord  
  29  2:56  Spore Crawler  
  29  2:58  Zergling x2  
  29  2:59  Metabolic Boost  
  29  3:05  Drone x2  
  31  3:07  Zergling x2  
  31  3:11  Zergling x2  
  33  3:21  Overlord  
  33  3:23  Zergling x4  
  35  3:29  Zergling x2  
  35  3:31  Overlord  
  36  3:42  Lair, Zergling x2  
  36  3:43  Zergling x4  
  36  3:46  Zergling x2  
  40  3:55  Zergling x2  
  41  3:57  Zergling x2  
  41  4:01  Zergling x2  
  43  4:09  Zergling x2  
  45  4:10  Zergling x4  
  45  4:14  Zergling x2  
  46  4:33  Drone  
  46  4:34  Drone x3  
  46  4:35  Drone  
  47  4:48  Zergling x4  
  47  4:49  Zergling x8  
  47  4:55  Zergling x4  
  47  4:56  Zergling x2  
  47  5:05  Drone, Extractor, Zergling x2, Spire  
  46  5:07  Drone  
  46  5:14  Queen  
  49  5:23  Drone x2  
  51  5:29  Overlord x2  
  51  5:42  Spore Crawler  
  50  5:43  Drone  
  50  5:45  Overlord x3  
  50  5:47  Queen  
  53  5:57  Overlord  
  53  5:58  Drone x3  
  53  6:01  Extractor  
  53  6:04  Extractor  
  54  6:14  Drone  
  54  6:17  Corruptor  
  57  6:22  Corruptor  
  59  6:29  Corruptor  
  59  6:31  Drone  
  62  6:33  Hatchery  
  62  6:38  Drone  
  62  6:39  Drone  
  63  6:43  Corruptor  
  65  6:49  Drone  
  65  6:51  Mutalisk  
  68  6:56  Zerg Flyer Weapons Level 1  
  68  7:02  Corruptor  
  70  7:11  Drone x2  
  70  7:13  Drone x2  
  74  7:22  Corruptor, Infestation Pit  
  73  7:43  Mutalisk x3  
  63  7:53  Drone x2  
  63  7:55  Drone x3  
  68  8:04  Hive  
  68  8:05  Drone  
  67  8:14  Mutalisk x2  
  70  8:26  Mutalisk  
  72  8:28  Drone x2  
  72  8:34  Mutalisk  
  76  8:47  Hatchery  
  69  8:56  Corruptor x3  
  75  9:03  Drone x3  
  75  9:09  Spine Crawler  
  77  9:11  Spine Crawler x2  
  69  9:21  Corruptor x2  
  67  9:28  Drone x2  
  67  9:31  Zerg Flyer Armor Level 1  
  69  9:36  Drone  
  70  9:40  Extractor  
  70  9:43  Spore Crawler  
  66  9:53  Corruptor  
  66  9:54  Corruptor  
  62  10:04  Corruptor  
  62  10:06  Zergling x6  
  65  10:07  Drone x3  
  68  10:20  Corruptor x2  
  66  10:31  Zergling x4, Corruptor  
  66  10:33  Drone x6  
  76  10:40  Queen  
  78  10:44  Viper  
  78  10:45  Zergling x2  
  78  10:49  Drone x2  
  84  10:54  Extractor  
  77  11:00  Mutalisk x2  
  79  11:11  Zergling x4  
  79  11:12  Zergling x2  
  79  11:13  Drone x4  
  79  11:15  Queen  
  79  11:17  Extractor  
  87  11:26  Hatchery  
  87  11:31  Mutalisk x3  
  91  11:36  Greater Spire  
  91  11:37  Drone x2  
  91  11:38  Drone x3  
  91  11:39  Overlord x2  
  71  12:11  Corruptor x4  
  67  12:24  Corruptor  
  67  12:26  Drone x3  
  72  12:37  Drone x3  
  72  12:40  Corruptor x2  
  72  12:41  Corruptor  
  77  12:58  Hatchery  
  76  13:00  Drone x6, Spore Crawler  
Show
View Real Time Build Order
Export as new Build Order

ClaytonBixbi Protoss - Winner!

Build Orders: Phoenix Opening 

Get SALT Encoding   

  12  0:00  Probe  
  13  0:12  Probe  
  14  0:18  Pylon  
  14  0:24  Probe (Chrono Boost)  
  15  0:37  Probe (Chrono Boost)  
  15  0:39  Gateway  
  16  0:45  Probe (Chrono Boost)  
  16  0:49  Assimilator  
  17  0:54  Probe  
  18  0:57  Assimilator  
  18  1:06  Probe  
  20  1:18  Probe  
  20  1:27  Cybernetics Core  
  20  1:30  Probe  
  21  1:37  Pylon  
  21  1:42  Probe  
  22  1:54  Probe  
  23  2:04  Stargate  
  23  2:06  Adept  
  23  2:07  Probe  
  26  2:11  Pylon  
  26  2:19  Probe  
  27  2:26  Shield Battery  
  27  2:31  Probe  
  28  2:43  Probe  
  31  2:46  Shield Battery  
  33  2:52  Phoenix (Chrono Boost)  
  31  3:00  Pylon  
  31  3:04  Sentry (Chrono Boost), Forge  
  33  3:12  Shield Battery  
  33  3:14  Void Ray  
  33  3:24  Sentry (Chrono Boost)  
  39  3:29  Probe  
  40  3:34  Pylon  
  40  3:46  Photon Cannon  
  40  3:59  Pylon  
  40  4:02  Void Ray (Chrono Boost)  
  42  4:16  Photon Cannon  
  44  4:18  Pylon  
  43  4:34  Sentry  
  45  4:38  Void Ray  
  45  4:39  Photon Cannon  
  49  5:06  Probe  
  50  5:13  Nexus  
  50  5:15  Pylon  
  50  5:21  Phoenix  
  52  5:40  Stargate  
  52  5:41  Shield Battery  
  52  5:51  Probe  
  52  5:53  Shield Battery  
  52  5:56  Assimilator  
  53  5:57  Phoenix  
  53  6:03  Probe  
  56  6:15  Probe  
  57  6:27  Probe  
  57  6:31  Probe, Protoss Air Weapons Level 1  
  59  6:39  Probe  
  60  6:43  Probe  
  61  6:52  Phoenix (Chrono Boost)  
  61  6:53  Probe (Chrono Boost), Phoenix (Chrono Boost)  
  66  6:55  Probe (Chrono Boost)  
  67  7:02  Assimilator  
  67  7:06  Photon Cannon  
  67  7:07  Probe (Chrono Boost)  
  69  7:08  Probe (Chrono Boost)  
  69  7:09  Phoenix  
  69  7:11  Probe (Chrono Boost)  
  72  7:15  Probe  
  72  7:21  Phoenix  
  72  7:22  Probe  
  76  7:27  Probe  
  77  7:34  Probe  
  78  7:42  Probe  
  79  7:51  Phoenix x2  
  79  7:52  Probe (Chrono Boost)  
  85  7:59  Probe (Chrono Boost)  
  85  8:03  Probe (Chrono Boost)  
  86  8:09  Probe (Chrono Boost)  
  86  8:11  Nexus  
  83  8:13  Pylon  
  83  8:16  Phoenix (Chrono Boost)  
  85  8:26  Phoenix (Chrono Boost)  
  87  8:27  Probe  
  87  8:29  Probe  
  87  8:33  Fleet Beacon  
  89  8:36  Pylon  
  89  8:37  Phoenix (Chrono Boost)  
  89  8:39  Probe  
  90  9:02  Probe x2, Phoenix x2  
  94  9:06  Stargate  
  94  9:08  Shield Battery  
  94  9:10  Photon Cannon  
  88  9:23  Probe x2  
  86  9:28  Probe  
  86  9:30  Phoenix (Chrono Boost), Assimilator  
  89  9:33  Anion Pulse-Crystals  
  89  9:34  Phoenix (Chrono Boost), Assimilator  
  89  9:35  Probe  
  92  9:45  Probe  
  89  10:00  Phoenix x2  
  89  10:03  Probe (Chrono Boost)  
  89  10:07  Stargate  
  90  10:08  Probe (Chrono Boost)  
  90  10:09  Probe (Chrono Boost)  
  90  10:13  Probe (Chrono Boost)  
  89  10:19  Probe  
  89  10:20  Probe  
  89  10:22  Probe  
  89  10:25  Cybernetics Core  
  89  10:28  Pylon  
  90  10:30  Pylon  
  90  10:33  Protoss Air Weapons Level 2 (Chrono Boost)  
  90  10:34  Pylon  
  90  10:37  Phoenix x3  
  96  10:49  Probe  
  97  10:51  Nexus  
  97  10:56  Pylon  
  97  11:03  Phoenix x2 (Chrono Boost)  
  99  11:05  Probe  
  99  11:11  Phoenix x2 (Chrono Boost)  
  102  11:12  Probe  
  102  11:15  Photon Cannon, Shield Battery  
  102  11:17  Assimilator  
  103  11:25  Robotics Facility  
  103  11:28  Phoenix  
  103  11:30  Phoenix  
  107  11:33  Probe  
  107  11:35  Protoss Air Armor Level 1  
  107  11:37  Probe  
  101  12:04  Phoenix x2  
  85  12:20  Phoenix (Chrono Boost)  
  87  12:25  Probe (Chrono Boost)  
  87  12:27  Phoenix (Chrono Boost)  
  94  12:31  Probe (Chrono Boost)  
  94  12:33  Probe (Chrono Boost)  
  94  12:34  Probe (Chrono Boost)  
  94  12:36  Phoenix x2 (Chrono Boost)  
  95  12:40  Probe  
  95  12:41  Phoenix (Chrono Boost), Pylon  
  98  12:45  Probe, Phoenix (Chrono Boost)  
  98  12:47  Observer  
  102  12:54  Phoenix x2  
  106  13:00  Phoenix  
  108  13:06  Assimilator  
  108  13:12  Pylon  
Show
View Real Time Build Order
Export as new Build Order

IamHoward Terran - Winner!

Build Orders:  

Get SALT Encoding   

  12  0:00  SCV  
  13  0:12  SCV  
  14  0:23  Supply Depot  
  14  0:24  SCV  
  15  0:37  Refinery  
  15  0:44  SCV  
  15  0:47  Barracks  
  16  0:56  SCV  
  17  1:09  SCV  
  18  1:21  SCV  
  19  1:33  SCV  
  19  1:38  Reaper  
  21  1:46  Orbital Command  
  21  1:56  Command Center  
  21  2:10  Barracks Reactor  
  21  2:15  SCV  
  22  2:17  Supply Depot  
  21  2:29  SCV  
  22  2:31  Refinery  
  22  2:41  SCV  
  22  2:47  Marine x2  
  24  2:51  Factory  
  24  2:53  SCV  
  25  3:05  SCV, Bunker  
  26  3:06  Marine  
  26  3:07  Marine  
  26  3:09  Orbital Command  
  28  3:17  SCV  
  29  3:28  Marine x2, Supply Depot  
  29  3:29  SCV  
  32  3:36  Factory Tech Lab  
  32  3:41  SCV  
  33  3:42  SCV  
  33  3:45  Barracks  
  34  3:48  Marine  
  34  3:50  Marine  
  34  3:53  SCV, Supply Depot  
  38  3:55  SCV  
  38  4:00  Siege Tank  
  41  4:08  SCV  
  42  4:12  SCV  
  43  4:17  Engineering Bay  
  43  4:18  Barracks  
  43  4:20  SCV  
  43  4:21  Marine x2  
  46  4:30  SCV  
  47  4:32  Siege Tank  
  47  4:37  Barracks Tech Lab  
  50  4:40  SCV  
  50  4:42  Marine x2  
  50  4:55  Marine  
  47  5:00  Marine x2  
  47  5:04  Siege Tank  
  51  5:12  Barracks Reactor  
  51  5:15  Orbital Command  
  51  5:17  Marine  
  51  5:18  Marine x2  
  54  5:22  Supply Depot  
  54  5:28  SCV  
  55  5:33  Supply Depot  
  55  5:34  Marine  
  56  5:35  Marine  
  56  5:36  Marine, Siege Tank  
  61  5:43  Stimpack  
  61  5:45  SCV x2  
  61  5:49  Marine  
  63  5:50  Marine  
  63  5:52  Marine  
  63  5:53  Marine x2  
  68  5:57  SCV  
  68  6:02  Starport  
  68  6:04  Refinery, SCV  
  70  6:07  Marine  
  70  6:09  Supply Depot  
  70  6:10  Marine  
  72  6:11  SCV, Marine  
  74  6:20  SCV  
  74  6:23  SCV  
  74  6:24  Refinery  
  76  6:31  Marine x2, Siege Tank  
  76  6:32  Marine x2  
  83  6:33  SCV  
  83  6:36  SCV  
  85  6:43  Starport Reactor  
  85  6:44  Marine  
  86  6:49  Supply Depot  
  86  6:53  Marine x3  
  86  6:54  SCV x2  
  91  7:04  Siege Tank  
  94  7:10  SCV x2  
  94  7:11  Supply Depot  
  96  7:19  Supply Depot  
  96  7:21  Marine x4  
  100  7:22  Factory  
  100  7:34  Marine  
  101  7:39  Marine x2  
  101  7:40  Medivac  
  100  7:51  Marine x2  
  100  7:52  Siege Tank  
  100  7:53  SCV x2  
  100  7:56  Terran Infantry Armor Level 1, Supply Depot  
  106  7:58  Marine  
  106  7:59  Marine x2  
  106  8:01  Engineering Bay  
  106  8:05  SCV  
  110  8:14  Marine x2  
  110  8:16  SCV, Marine  
  110  8:17  SCV, Medivac  
  110  8:18  Medivac  
  119  8:22  Marine  
  119  8:23  Marine  
  119  8:24  Supply Depot  
  121  8:32  Marine  
  113  8:47  Medivac  
  109  8:50  Marine x3  
  109  8:52  Medivac  
  109  8:54  SCV x2  
  116  8:57  Supply Depot  
  116  9:06  SCV  
  116  9:08  Marine, Combat Shield  
  118  9:10  SCV  
  118  9:14  Supply Depot  
  118  9:15  Command Center  
  119  9:17  Medivac  
  119  9:18  SCV  
  119  9:20  Supply Depot  
  119  9:22  SCV  
  119  9:23  Marine x2  
  125  9:30  SCV  
  126  9:32  Marine x3  
  126  9:34  SCV  
  126  9:36  Refinery  
  130  9:41  Marine x2  
  132  9:50  SCV, Marine x3  
  136  9:58  Marine  
  136  9:59  Marine  
  132  10:07  Marine  
  132  10:08  Marine  
  132  10:13  Marine  
  131  10:16  Marine  
  131  10:17  Marine  
  120  10:24  Siege Tank  
  120  10:25  SCV, Marine x2  
  126  10:31  Marine  
  126  10:32  Refinery  
  126  10:33  Orbital Command  
  126  10:34  Marine x2  
  128  10:47  SCV x2  
  130  10:56  Siege Tank  
  126  10:59  SCV  
  126  11:00  Supply Depot  
  126  11:06  Medivac x2  
  130  11:12  Factory Tech Lab, Supply Depot  
  130  11:15  Supply Depot  
  130  11:19  Factory  
  130  11:23  Supply Depot  
  130  11:24  Command Center  
  130  11:28  Siege Tank  
  130  11:32  Marine x3  
  134  11:35  Supply Depot  
  134  11:36  Supply Depot  
  133  11:48  Marine x2  
  133  11:53  Marine x3  
  133  11:54  Siege Tank  
  133  12:00  Siege Tank  
  130  12:13  Marine  
  130  12:14  Marine x2  
  119  12:18  Marine x2  
  119  12:20  SCV x3  
  124  12:24  Factory Tech Lab  
  124  12:25  Supply Depot  
  124  12:26  Supply Depot, Siege Tank  
  127  12:31  Armory  
  127  12:32  Marine x2, Siege Tank  
  127  12:34  Supply Depot  
  132  12:39  Marine x3  
  132  12:41  Medivac x2  
  132  12:42  Orbital Command  
  139  12:45  Refinery  
  139  12:49  Marine  
  139  12:50  Marine  
  141  12:58  Siege Tank  
  141  13:02  Marine x3  
Tags
 
Add a new tag
Caveats
  • Supply blocks, unpowered buildings, or Contaminate may cause inaccurate times.
  • Supply counts are checked every 10 seconds.